 Dungeon Crawl Stone Soup version 0.27.1-37-g7b29ead8ac (console) character file.

Game seed: 9894442478005713242

141134 grimtooth the Apostle (level 17, -29/146 HPs)
             Began as a Hill Orc Fire Elementalist on Aug 8, 2023.
             Was a High Priest of Beogh.
             Hit by a large rock thrown by a stone giant (45 damage)
             ... on level 2 of the Orcish Mines on Aug 9, 2023.
             The game lasted 03:30:28 (42679 turns).

grimtooth the Apostle (Hill Orc Fire Elementalist) Turns: 42679, Time: 03:30:29

Health: -29/146    AC: 17    Str: 17    XL:     17   Next: 32%
Magic:  26/27      EV: 15    Int: 16    God:    Beogh [*****.]
Gold:   2333       SH: 12    Dex: 11    Spells: 8/28 levels left

rFire    + . .     SeeInvis .   a - +1 war axe (elec)
rCold    x . .     Faith    .   s - +1 buckler {AC+3}
rNeg     . . .     Spirit   .   m - +2 ring mail {rPois}
rPois    +         Reflect  +   C - +0 helmet
rElec    .         Harm     .   L - +1 cloak
rCorr    .         Rampage  .   (no gloves)
Will     +....                  Y - +0 pair of boots
Stlth    ++........             t - amulet of reflection
HPRegen  0.34/turn              w - ring of fire
MPRegen  0.20/turn              R - +4 ring of evasion

@: mighty, very slightly contaminated, invisible
A: walk on water
a: Renounce Religion, Smiting, Recall Orcish Followers, Give Item to Named
Follower


You were on level 2 of the Orcish Mines.
You worshipped Beogh.
Beogh was extremely pleased with you.
You visited 4 branches of the dungeon, and saw 24 of its levels.
You also visited: Bailey.

You collected 2447 gold pieces.
You spent 114 gold pieces at shops.

Inventory:

Hand Weapons
 a - a +1 war axe of electrocution (weapon)
Missiles
 b - 8 boomerangs
 c - 3 throwing nets {=f}
 k - 78 poisoned darts (quivered)
 v - 3 curare-tipped darts
Armour
 m - a +2 ring mail of poison resistance (worn)
 s - a +1 buckler of protection (worn)
 C - a +0 helmet (worn)
 L - a +1 cloak (worn)
 Y - a +0 pair of boots (worn)
Jewellery
 j - a ring of protection from cold
 t - an amulet of reflection (around neck)
 w - a ring of fire (left hand)
 x - a ring of resist corrosion
 R - a +4 ring of evasion (right hand)
 T - a ring of wizardry
Wands
 h - a wand of flame (27)
 o - a wand of iceblast (4)
 K - a wand of charming (13)
 S - a wand of polymorph (5)
 Z - a wand of mindburst (15)
Scrolls
 e - a scroll of brand weapon {unknown}
 i - 2 scrolls of fog
 n - a scroll of summoning
 z - 4 scrolls of teleportation
 F - 3 scrolls of magic mapping
 H - 3 scrolls of noise {unknown}
 N - a scroll of acquirement {unknown}
 O - a scroll of immolation {unknown}
 P - 3 scrolls of silence
Potions
 f - 4 potions of lignification
 g - 3 potions of resistance
 l - a potion of might
 p - 4 potions of haste
 r - 11 potions of heal wounds {unknown}
 E - a potion of berserk rage {unknown}
 I - 4 potions of flight
 J - a potion of ambrosia
 M - 2 potions of curing
 Q - 3 potions of cancellation


   Skills:
 - Level 12.2 Fighting
 + Level 11.4(13.0) Axes
 - Level 9.0(10.8) Maces & Flails
 + Level 9.6 Armour
 - Level 3.0 Dodging
 - Level 6.0 Stealth
 - Level 9.0 Shields
 - Level 6.0 Spellcasting
 - Level 9.0 Conjurations
 - Level 10.0 Hexes
 - Level 9.0 Fire Magic
 - Level 14.0 Invocations


You had 8 spell levels left.
You knew the following spells:

 Your Spells              Type           Power      Damage    Failure   Level
a - Foxfire               Conj/Fire      100%       2x1d9     1%          1
b - Conjure Flame         Conj/Fire      50%        6-21      1%          3
c - Sticky Flame          Conj/Fire      50%        2d7       5%          4
d - Fireball              Conj/Fire      25%        3d11      16%         5
e - Inner Flame           Hex/Fire       51%        N/A       1%          3
f - Cause Fear            Hex            18%        N/A       3%          4

Your spell library contained the following spells:

 Spells                   Type           Power      Damage    Failure   Level
 Static Discharge         Conj/Air       19%        N/A       5%          2
 Summon Guardian Golem    Hex/Summ       20%        N/A       9%          3
 Stone Arrow              Conj/Erth      38%        3d9       11%         3
 Iskenderun's Battlesphe  Conj           33%        2d9       16%         5
 Blink                    Tloc           N/A        N/A       32%         2
 Bolt of Magma            Conj/Fire/Erth 18%        4d10      45%         5
 Gell's Gravitas          Tloc           2%         N/A       54%         3
 Ozocubu's Armour         Ice            4%         N/A       54%         3
 Teleport Other           Tloc           4%         N/A       54%         3
 Metabolic Englaciation   Hex/Ice        10%        N/A       61%         5
 Silence                  Hex/Air        10%        N/A       61%         5
 Summon Mana Viper        Hex/Summ       20%        N/A       61%         5
 Dispel Undead            Necr           4%         3d7       91%         4
 Passage of Golubria      Tloc           N/A        N/A       91%         4
 Summon Lightning Spire   Summ/Air       4%         N/A       91%         4
 Manifold Assault         Tloc           4%         N/A       99%         5
 Summon Forest            Summ/Tloc      2%         N/A       99%         5
 Conjure Ball Lightning   Conj/Air       9%         3x3d6     99%         6
 Orb of Destruction       Conj           16%        9d8       99%         7
 Dispersal                Tloc           2%         N/A       100%        6
 Shadow Creatures         Summ           N/A        N/A       100%        6
 Simulacrum               Ice/Necr       2%         N/A       100%        6
 Storm Form               Tmut/Air       2%         N/A       100%        7
 Discord                  Hex            18%        N/A       100%        8
 Lehudib's Crystal Spear  Conj/Erth      9%         10d4      100%        8
 Shatter                  Erth           2%         3d6*      100%        9


Dungeon Overview and Level Annotations

Branches:
Dungeon (15/15)            Temple (1/1) D:7            Lair (6/6) D:10
 Shoals (0/4) Lair:2        Snake (0/4) Lair:4        Slime (0/5) Lair:6
    Orc (2/2) D:12         Vaults (0/5) D:13         Bailey (visited)
    Elf: Orc:2       Depths: D:15

Altars:
Ashenzari
Cheibriados
Dithmenos
Elyvilon
Fedhas
Gozag
Hepliaklqana
Kikubaaqudgha
Makhleb
Nemelex Xobeh
Okawaru
Qazlal
Ru
Sif Muna
Trog
Uskayaw
Vehumet
Wu Jian
Xom
Yredelemnul
Zin
The Shining One
Jiyva

Shops:
D:7 *   D:15 (   Orc:1 [   Orc:2 *[:(

Annotations:
D:4 1 runed translucent door, Crazy Yiuf
Lair:4 Nessos
Lair:6 1 exclusion


Message History

The stone giant hits you!!
Okay, then.
Press: ? - help, v - describe, . - travel
Here: a stone giant, quivering large rocks (moderately wounded, ally target)
The floor, spattered with blood.
Okay, then.
You fade into invisibility!
The cyclops burns!
The orc sorcerer gestures wildly while chanting.
The cyclops hits you!!
* * * LOW HITPOINT WARNING * * *
The stone giant hits you!!
* * * LOW HITPOINT WARNING * * *
Your orc warrior hits the stone giant with a +0 club.
The cyclops closely misses you.
You are very lightly contaminated with residual magic.
Okay, then.
The cyclops burns!
Your orc warrior hits the stone giant but does no damage.
The stone giant hits your orc warrior!
Something hits the fungus.
The fungus begins to die.
The cyclops burns!
The orc sorcerer points at you and mumbles some strange words.
The bolt of fire hits you but does no damage.
The cyclops throws a large rock.
The large rock hits your orc warrior!!
Your orc warrior dies!
The cyclops burns!
The stone giant throws a large rock.
A nearby fungus withers and dies.
The cyclops burns!
The orc sorcerer hits the fungus with a +0 dagger.
The fungus begins to die.
The cyclops burns!
The cyclops burns!
The orc sorcerer gestures wildly while chanting.
The stone giant throws a large rock.
The large rock misses you.
The cyclops burns!
You kill the cyclops!
Beogh accepts your kill.
The orc sorcerer casts a spell.
The stone giant throws a large rock.
The large rock hits you!!!
You die...

#...........C......
#.........(....... ....
###......).P....... .....#
###......o...P.......
#.....##......C........∩....
##..........................
#..................P...8....
#.............#..........P.
#.....................P....
#...........###.####.....##
##........@..#### #......
##.......)....# #.......
#...........########........
######..........).).#..#.........
.P..#........................#...
..P........................#####.
.............#.............## #.
...8P......##...............####.
......).)#####.#...........##....
.∩.)..P...## ##...............P..
...........###..............P....


You could see a stone giant and an orc sorcerer.

Vanquished Creatures
  Frances (D:13)
  A tengu reaver (D:13)
  An orc warlord (Orc:2)
  Snorg (Orc:1)
  2 ettins
  Josephine (D:12)
  4 boulder beetles
  A great orb of eyes (D:15)
  Harold (D:9)
  11 hydras
  A catoblepas (D:13)
  3 centaur warriors
  2 ogre magi (D:13)
  7 two-headed ogres
  A deep elf knight (D:13)
  Sonja (D:10)
  A sun demon (D:14)
  Pikel (D:7)
  A wizard (D:13)
  2 lindwurms
  10 cyclopes
  2 ugly things
  14 elephants
  10 black mambas
  A merfolk siren (Lair:2)
  2 torpor snails
  A molten gargoyle (Lair:6)
  10 cane toads
  An unseen horror (D:10)
  2 kobold demonologists (D:12)
  3 yaktaurs (D:15)
  12 komodo dragons
  An ice devil (D:14)
  An efreet (D:14)
  4 rime drakes
  4 trolls
  Prince Ribbit (D:7)
  4 dream sheep (Lair:6)
  2 polar bears (D:11)
  18 blink frogs
  4 slime creatures (D:12)
  3 wraiths (D:12)
  A vampire (D:11)
  3 water elementals
  A shadow (D:10)
  38 yaks
  7 wyverns
  2 steam dragons
  10 basilisks
  2 wargs
  Menkaure (D:7)
  9 vampire mosquitoes
  2 acid dragons
  2 nagas (Lair:4)
  2 hell hounds (Lair:6)
  17 water moccasins
  12 orc warriors
  4 black bears
  6 ogres
  2 sky beasts
  21 wolves
  3 boggarts (D:15)
  A necrophage (D:5)
  6 centaurs
  2 lemures (D:7)
  A phantom (D:5)
  A kobold brigand (D:11)
  2 gnoll sergeants
  16 bullfrogs
  A scorpion (D:10)
  A wyvern zombie (D:9)
  13 killer bees
  5 electric eels
  4 wights (D:6)
  3 howler monkeys
  2 lava snakes (Lair:6)
  A bullfrog zombie (D:7)
  3 centaur zombies
  4 crimson imps (D:14)
  A hound (D:5)
  A bullfrog skeleton (D:4)
  6 orc priests
  3 centaur skeletons
  17 orc wizards
  4 hell rats (Lair:5)
  A howler monkey zombie (D:8)
  22 gnolls
  3 adders
  A shadow imp (D:7)
  4 white imps (D:14)
  An ufetubus (D:6)
  A dart slug (D:4)
  41 orcs
  6 ball pythons
  5 bats
  6 endoplasms
  3 giant cockroaches
  6 goblins
  15 hobgoblins
  31 kobolds
  4 quokkas
  3 frilled lizards
  6 rats
556 creatures vanquished.

Vanquished Creatures (collateral kills)
  Jorgrun (D:12)
  An ettin (Orc:1)
  A boulder beetle (D:13)
  2 catoblepae (D:13)
  A two-headed ogre (D:13)
  An orc knight (D:13)
  An ugly thing (D:13)
  An orc sorcerer (Orc:2)
  2 cyclopes
  2 manticores (D:13)
  An elephant (Lair:3)
  A gargoyle (D:12)
  A kobold demonologist (D:13)
  2 trolls (D:13)
  A slime creature (D:12)
  A vampire (D:13)
  A water elemental (D:13)
  A wraith (D:12)
  2 yaks (Lair:3)
  5 vampire mosquitoes (D:13)
  A water moccasin (Lair:4)
  2 orc warriors (Orc:1)
  An ogre (Orc:1)
  A kobold brigand (D:12)
  An electric eel (D:13)
  3 orc wizards
  3 gnolls (Orc:1)
  2 orcs
  4 foxfires
47 creatures vanquished.

Vanquished Creatures (others)
  An orc knight (D:12)
  6 orc warriors
  A yak (D:9)
  8 orc wizards
  2 killer bees (D:9)
  6 orc priests
  25 orcs
  1437 foxfires
  102 fungi
  106 plants
1694 creatures vanquished.

Grand Total: 2297 creatures vanquished

Notes
Turn   | Place    | Note
-------+----------+-------------------------------------------
     0 | D:1      | grimtooth the Hill Orc Fire Elementalist began the quest
                  | for the Orb.
     0 | D:1      | Reached XP level 1. HP: 14/14 MP: 3/3
   267 | D:1      | Reached XP level 2. HP: 20/20 MP: 1/4
   572 | D:1      | Found a faded altar of an unknown god.
  1092 | D:2      | Reached XP level 3. HP: 17/26 MP: 1/5
  2114 | D:3      | Reached XP level 4. HP: 33/33 MP: 3/6
  2247 | D:3      | Reached skill level 1 in Maces & Flails
  3001 | D:3      | Found an ornate altar of the Wu Jian Council.
  3292 | D:4      | Reached XP level 5. HP: 38/38 MP: 3/7
  4024 | D:4      | Reached XP level 6. HP: 37/45 MP: 3/8
  4572 | D:4      | Found a runed translucent door.
  4573 | D:4      | Noticed Crazy Yiuf
  4698 | D:5      | Entered Level 5 of the Dungeon
  4811 | D:5      | Noticed a necrophage
  4821 | D:5      | Killed a necrophage
  4923 | D:5      | Reached skill level 5 in Maces & Flails
  5008 | D:5      | Noticed a black bear
  5443 | D:4      | Reached XP level 7. HP: 25/50 MP: 6/9
  5616 | D:5      | Found a broken altar of Ashenzari.
  5873 | D:5      | Reached skill level 5 in Conjurations
  5931 | D:5      | Found an ancient bone altar of Kikubaaqudgha.
  6019 | D:5      | Reached skill level 5 in Fire Magic
  6019 | D:5      | Reached XP level 8. HP: 57/57 MP: 4/10
  6133 | D:5      | Learned a level 3 spell: Conjure Flame
  6378 | D:6      | Found a basalt altar of Yredelemnul.
  6446 | D:6      | Reached skill level 1 in Armour
  6461 | D:6      | Found a hazy altar of Hepliaklqana.
  7025 | D:7      | Noticed Menkaure
  7683 | D:7      | Found a staircase to the Ecumenical Temple.
  7706 | Temple   | Entered the Ecumenical Temple
  7854 | D:7      | Killed Menkaure
  7855 | D:7      | Reached skill level 5 in Armour
  7855 | D:7      | Reached XP level 9. HP: 22/62 MP: 4/13
  7978 | D:7      | Noticed Pikel
  8016 | D:7      | Killed Pikel
  8344 | D:7      | Noticed Prince Ribbit
  8350 | D:7      | Killed Prince Ribbit
  8508 | D:7      | Found Vuleitaa's Assorted Antiques.
  8528 | D:7      | Bought a cyan potion for 27 gold pieces
  8528 | D:7      | Bought a scroll labelled NAZEFE SYPS for 30 gold pieces
  8528 | D:7      | Bought a scroll labelled YRREOD SYRHO for 30 gold pieces
  8528 | D:7      | Bought an emerald potion for 27 gold pieces
  9589 | D:8      | Noticed a two-headed ogre
  9856 | D:8      | Reached XP level 10. HP: 45/69 MP: 3/14
 10111 | D:8      | Found a radiant altar of Vehumet.
 10184 | D:8      | Killed a two-headed ogre
 10578 | D:8      | Became a worshipper of Beogh the Brigand
 11013 | D:9      | Reached skill level 1 in Fighting
 11270 | D:9      | Found a blossoming altar of Fedhas.
 11510 | D:9      | Noticed a two-headed ogre
 11521 | D:9      | Killed a two-headed ogre
 11805 | D:9      | Noticed a two-headed ogre
 11820 | D:9      | Killed a two-headed ogre
 11821 | D:9      | Reached skill level 5 in Fighting
 11841 | D:9      | - oh you bonehead
 12190 | D:9      | Noticed Harold
 12276 | D:9      | Reached skill level 5 in Axes
 12628 | D:10     | Entered Level 10 of the Dungeon
 12745 | D:10     | Reached XP level 11. HP: 89/89 MP: 7/15
 13403 | D:10     | Reached * piety under Beogh
 13728 | D:10     | Noticed Sonja
 13760 | D:10     | Killed Sonja
 13824 | D:10     | Noticed a cyclops
 13875 | D:10     | Killed a cyclops
 14347 | D:10     | Reached skill level 10 in Axes
 15696 | D:11     | Noticed a two-headed ogre
 15712 | D:11     | Killed a two-headed ogre
 15796 | D:11     | Found a bloodstained altar of Trog.
 16113 | D:11     | Noticed a purple ugly thing
 16494 | D:11     | Noticed a two-headed ogre
 16557 | D:10     | Learned a level 3 spell: Inner Flame
 16563 | D:10     | Learned a level 5 spell: Fireball
 16568 | D:10     | Learned a level 4 spell: Sticky Flame
 16800 | D:11     | Killed a purple ugly thing
 16800 | D:11     | Reached ** piety under Beogh
 17220 | D:11     | Killed a two-headed ogre
 17221 | D:11     | Reached skill level 5 in Stealth
 17881 | D:12     | Noticed a cyclops
 18061 | D:12     | Found a flagged portal.
 18106 | Bailey   | Entered a bailey
 18665 | Bailey   | Reached *** piety under Beogh
 19114 | D:12     | Reached XP level 12. HP: 96/96 MP: 0/16
 19234 | D:12     | Noticed Josephine
 19262 | D:12     | Killed Josephine
 19263 | D:12     | Reached skill level 2 in Invocations
 19268 | D:12     | Reached skill level 3 in Invocations
 19618 | D:12     | Found a staircase to the Orcish Mines.
 19721 | D:12     | Noticed Jorgrun
 19785 | D:12     | Noticed a boulder beetle
 19795 | D:12     | Killed a boulder beetle
 19796 | D:12     | Reached skill level 4 in Invocations
 20107 | D:10     | Found a staircase to the Lair.
 20132 | Lair:1   | Entered Level 1 of the Lair of Beasts
 20172 | Lair:1   | Noticed a five-headed hydra
 20194 | Lair:1   | Killed a five-headed hydra
 20208 | Lair:1   | Reached skill level 5 in Invocations
 21154 | Lair:1   | Reached skill level 6 in Invocations
 22012 | Lair:2   | Reached skill level 7 in Invocations
 22471 | Lair:2   | Noticed an eight-headed hydra
 22482 | Lair:2   | Killed an eight-headed hydra
 22867 | Lair:2   | Reached XP level 13. HP: 101/108 MP: 15/20
 22944 | Lair:2   | Reached skill level 5 in Spellcasting
 22953 | Lair:2   | Reached skill level 8 in Invocations
 23537 | Lair:2   | Found a staircase to the Shoals.
 23542 | Lair:2   | Reached **** piety under Beogh
 23550 | Lair:2   | Learned a level 4 spell: Cause Fear
 24152 | Lair:3   | Reached skill level 1 in Shields
 24152 | Lair:3   | Reached skill level 1 in Hexes
 24152 | Lair:3   | Reached skill level 9 in Invocations
 24862 | Lair:3   | Reached XP level 14. HP: 49/125 MP: 0/23
 26306 | Lair:4   | Found a staircase to the Snake Pit.
 26372 | Lair:4   | Reached skill level 5 in Shields
 26645 | Lair:4   | You fall into a shaft and drop 2 floors!
 26645 | Lair:6   | Entered Level 6 of the Lair of Beasts
 27192 | Lair:4   | Noticed Nessos
 27237 | Lair:4   | Reached skill level 10 in Invocations
 27441 | Lair:4   | Reached skill level 5 in Hexes
 28559 | Lair:5   | Reached ***** piety under Beogh
 28843 | Lair:5   | Reached XP level 15. HP: 132/132 MP: 18/24
 30737 | Lair:6   | Found a staircase to the Slime Pits.
 30737 | Lair:6   | Found a viscous altar of Jiyva.
 31076 | Lair:6   | HP: 5/132 [six-headed hydra (5)]
 31120 | Lair:5   | - well that was lookin ignominious
 31670 | Lair:6   | Reached skill level 11 in Invocations
 31760 | Lair:6   | - is this the web? gotta be
 32091 | Lair:6   | - now wait this is like dragons lair
 32143 | Lair:6   | - lair
 33359 | D:9      | Killed Harold
 34387 | D:13     | Noticed Urug
 34388 | D:13     | - aw come on baby
 34492 | D:13     | Noticed Frances
 34493 | D:13     | - ay chingada
 34497 | D:13     | - the old two-spot tp
 35253 | D:13     | - yay!
 35513 | D:13     | Noticed a tengu reaver
 35562 | D:13     | Killed a tengu reaver
 35563 | D:13     | Reached skill level 12 in Invocations
 36205 | D:13     | Reached skill level 13 in Invocations
 36205 | D:13     | Reached XP level 16. HP: 80/139 MP: 24/26
 36213 | D:13     | Killed Frances
 36674 | D:13     | Found a gate to the Vaults.
 36681 | D:13     | - and here we are... so much for sneaking back... but I got
                  | a pal!
 38033 | D:12     | - oh i forgot about you
 38037 | D:12     | Killed Jorgrun
 38574 | D:14     | Reached XP level 17. HP: 146/146 MP: 18/27
 38754 | D:14     | Identified the +7 short sword of Parts Unknown {holy,
                  | rElec}
 39695 | D:14     | Reached skill level 14 in Invocations
 39982 | D:15     | Entered Level 15 of the Dungeon
 40358 | D:15     | Found a glowing golden altar of the Shining One.
 40958 | D:15     | Got the Handbook of Companions and Flight
 41038 | D:15     | Found Asoch's Antique Weapon Shop.
 41126 | D:15     | Reached skill level 10 in Hexes
 41427 | Orc:1    | Entered Level 1 of the Orcish Mines
 41431 | Orc:1    | Noticed Snorg
 41441 | Orc:1    | Killed Snorg
 41523 | Orc:1    | You fall into a shaft and drop 1 floor!
 41523 | Orc:2    | Entered Level 2 of the Orcish Mines
 41523 | Orc:2    | Found Huzyosh's Antique Weapon Emporium.
 41524 | Orc:2    | - sshshshshshhafted
 41577 | Orc:1    | Found Sugoug's Antique Armour Boutique.
 42436 | Orc:2    | Found Xuinu's Book Emporium.
 42476 | Orc:2    | Found Rogu Dalet's Antique Armour Shoppe.
 42547 | Orc:2    | Found Soidof's General Store.
 42624 | Orc:2    | - ok that was an accident
 42679 | Orc:2    | Hit by a large rock thrown by a stone giant

Illustrated notes ##≈#.{...#≈# #............... ..≈#..o..#≈# #..........##### ..≈##'o'##≈########.........##... ..≈≈{...≈≈≈.##...##....##...##... ....o...#........##....##'####... ..oo....#........##....##...#.... ........'........#......#...#.... ........#o.......+......#...#.... ........#........#......#...#..#. ..).....##..####y########........ ####.....#..###.@y......####..PP. ...#.....#....#..............PPPP ...#.....#....#............#.PP_P ...#.....#....#......y.......P.P. ####.....#...##..............PPP. ...#.....#...#.....##Y##......... ...#.....'...#.....#...######..#. ...#.....#...#.....#..Y.....#.... ...#.....#...# #........+.... .o.#.....#...# #........#.... <..#.....#...#.. +........##### Turn 11841 on D:9: - oh you bonehead

......##...............<..#.....#
......#..................##......
.............#...##.#..##.#......
.....###.#..#...........#.......#
.....##.#.+.....................#
......................<........#.
.................................
.................................
.................................
...............÷÷.....(..........
................@................
......#.#.###....................
.....###...###...................
....####..####....###.##.........
...<........##.........#P........
#.....#......#.........#.........
....###....#......#P.............
#...###...##...............).....
.....P......##...................
...............†..###..##.....†..
..................P###'#.........


Turn 31120 on Lair:5: - well that was lookin ignominious #######...## ##†## #..#
#.)## ##..# ### #..# ##.P####.## . #.....#...# .. #.....#..## ... #...##§.#
....#######...@## ......#.#.......## ..l....#....##...# #[........## ##.....#..#
###......P.P## #.......P....# ##P###.#...### ### #####.## ..# #.##..# ..!#
#....## Turn 31760 on Lair:6: - is this the web? gotta be #..# #.)## ##..# ###
#..# . ##.P####.## .. #.....#...# ... #.....#..## ..9. #...##÷÷#
..l..#######....## .......#.#.......## .......@#....##...# .....###[........##
..# ##.....#..# ###......P.P## #.......P....# ##P###.#...### ### #####.## ..#
#.##..# ..!# #....## # #l.. #.#.##.# ..########...## ###..### Turn 32091 on
Lair:6: - now wait this is like dragons lair #. §≈##.##8# ## #≈§#...... ### #
#≈#......# ##.P#### ≈§......# #.....#. .≈.^...^# #.....#. ##. #.....## #...##
####.≈§#......#######... §≈≈≈≈≈#§........#)#..... §≈≈S.§........☼..#....##
≈≈§..§.@......###[...... .......§§§.#### ##.....# ......≈§≈§## ###......P
§...≈≈≈§### #.......P. ≈..≈≈≈## ##P###.#.. ≈§§≈≈≈ ### ##### .#8### ..# #.## ##
..!# #... # #l.. #.#.# ..########...## ###.. P..........#... #... Turn 32143 on
Lair:6: - lair #o## ...# ## #..# . .....# ..# .#..# .... ...# #..##..# #...@#
####.# ##.# #<.# #..# .....# ###.### #.# #.# ... ### Turn 34388 on D:13: - aw
come on baby #........# ..........#........# ..........#........#
..........#........# ..........#....... .........Y#....@ #........##..#
##........##@.# .......<..##Y.# .###......†...# #.#######.## # .... .#### .. #.
.. Turn 34493 on D:13: - ay chingada #........# ..........#........#
..........#........# ..........#........# ..........#....... .........Y#.4...
#........##3.# ##........##@.# .......<..##†.# .###......†...# #.#######@## #
#.........# #.#.##.#### .. ##. .. #. ## Turn 34497 on D:13: - the old two-spot
tp ### ### ###.# #.# #...# #.# #.#.# ###############.######.#.#
#..........o@.)........#.# ........################.# ......)....o.............#
..............)########### #..............######## .........c.....##.....###
.....##c................. ..... #........##.....### ..... #........##.....#
...............######## ................# Turn 35253 on D:13: - yay! )..........
.##.....### .##.....# .######## #.#.# ......# ..#.## ........# ####.....#
........# #........# ........# #........# .....#### #........# ...###
##........# ..>##########..o@.# #.## ...........#.....∩# ...# .......#
#......### #..# .......# #.##..........# #......# #.##...#.#.#..#
#.###'####.##..........# ...≈...≈.≈.######..##O.# ≈.≈.≈.≈.≈..# #....#
...≈...≈.≈.#### ####.# ≈.≈.≈.........# ##.# ...≈.≈.≈.≈..### #<.# Turn 36681 on
D:13: - and here we are... so much for sneaking back... but I got a pal!
......####...# #.# #.... ##.#.).# ##### #.# #.... ...#.#.# #[# #.... ##.....#
#.## ###'# ####'## #..# ##...# #.o.# #####.## #..### ##'##### #.[.[..# ####'####
#.....># ###......#####........ #......# #........##..'........ #......#
##o#......##.##........ #......###..#.o@......##........
#.....o#...##......#####........ #......'.#######.### #####'### #......### #..g#
#.# ######## ###.### ##.# #...# #..# #.### #.## #.# #.# ##.######## ###.####
#.........# ###....).. #.........###......)[) Turn 38033 on D:12: - oh i forgot
about you ###.P.........# #.P..P........$ #..P........... .P.............
.P...P......... ....C∩C....$... .....C.8....... .......@....... #.P....P..#....
#.........# . ##.....P.... #.....###.... ##.$.# ..$... #.#.. .....# ..... ......
Turn 41524 on Orc:2: - sshshshshshhafted #.....# ##.......)....# ...#.##
#...........####### ..#### ########.......o..).).#..# ...#
###..P..#................... ...###.....P.....................
....##................#.......... ............8P......##...........
....#P.........).)#####.#........ .#.##.P...∩.)..P...## ##.........
.....PP.P...........###.......... .............[..@....#...........
.#............................... ##.............[.............<#..
##.#......P.....#........†((.[#. ##.....................(<#..#..
##.......#.#............#.###. ##.##....###..##..........###
###.......####<....####.## ##.##... ###....# ### ## #..### #### Turn 42624 on
Orc:2: - ok that was an accident

Levels and vault maps discovered:
D:1:      dpeg_arrival_rhombus, layout_loops_cross,
          hellmonk_ecumenical_altar_zigzags
D:2:      layout_loops_ring, minmay_misc_feat_room
D:3:      wad_crossroads, layout_basic, nicolae_wu_jian_immortal_techniques,
          solitary_fountain
D:4:      kennysheep_big_flooded_room, layout_layer_cave,
          uniq_crazy_yiuf_cottage
D:5:      layout_basic, kiku_gazebo_garden_becter, evilmike_ruin_ashenzari
D:6:      layout_loops_cross, mainiacjoe_overflow_concentric_impassable,
          mainiacjoe_overflow_boulevard, minmay_misc_feat_five
D:7:      layout_basic, temple_pool_b, serial_shops, shop, uniq_prince_ribbit1,
          uniq_menkaure, uniq_pikel
D:8:      layout_loops_ring, mainiacjoe_overflow_alcove_4
D:9:      layout_gridville, fedhas_bush_and_centaur_altar, minmay_orc_keep,
          uniq_harold
D:10:     minmay_goldmine, layout_basic, grunt_lair_entry_orc_guard_hut,
          hangedman_abyss_or_decor_passed, chequers_serial_rivers_micro_e,
          minmay_misc_feat_encased, bh_walls_and_bars, uniq_sonja
D:11:     layout_small_grid, serial_rivers, chequers_serial_rivers_small_3,
          chequers_serial_rivers_marsh, chequers_serial_rivers_marsh,
          chequers_serial_rivers_micro_e, chequers_serial_rivers_small_b,
          chequers_serial_rivers_micro_e, trog_ov_bears_minmay
D:12:     layout_roguey, orc_0_dummy, enter_bailey_4,
          hangedman_decor_clover_reticule, uniq_jorgrun, uniq_josephine
D:13:     minmay_connected_boxes_in_corner, layout_basic, david_vaults_2,
          uniq_frances, uniq_urug
D:14:     layout_basic, minivault_14, minmay_fire_ice_demons
D:15:     gammafunk_enter_depths_forms, layout_irregular_city, serial_shops,
          shop_fountains, lemuel_doored_altar
Temple:   regret_index_temple_waves
Lair:1:   layout_regular_city, lemuel_fruit_fields, serial_bayou_shore_b,
          grunt_megastairs_1, lemuel_fruit_tree
Lair:2:   layout_cave_pods, minmay_shoals_entry_lonely_mermaid,
          grunt_megastairs_3
Lair:3:   layout_hall_layers, hangedman_lair_generics_rect,
          infiniplex_staircase_pool
Lair:4:   layout_regular_city, minmay_snake_entry_guardpost_small, uniq_nessos
Lair:5:   layout_regular_city, serial_bayou_lagoon_b
Lair:6:   cheibrodos_lair_end_hotspot, layout_loops_ring, slime_altar_1
Orc:1:    layout_caves, serial_shops, shop_statue, uniq_snorg
Orc:2:    grunt_orc_gardens, layout_diamond_mine, grunt_orc_garden,
          grunt_orc_garden, grunt_orc_garden, grunt_orc_garden

Skill      XL: |  1  2  3  4  5  6  7  8  9 10 11 12 13 14 15 16 17 |
---------------+----------------------------------------------------+-----
Conjurations   | 2 3 4 5 6 8 9 |  9.0
Fire Magic     | 4 5 6 7 8 9 |  9.0
Maces & Flails | 1 4 6 7 9 |  9.0
Armour         | 5 6 8 9 |  9.6
Spellcasting   | 3 4 6 |  6.0
Fighting       | 6 8 11 12 | 12.2
Axes           | 6 10 11 | 11.4
Dodging        | 3 |  3.0
Stealth        | 5 6 |  6.0
Invocations    | 7 9 10 13 14 | 14.0
Shields        | 3 6 9 |  9.0
Hexes          | 3 5 8 9 10 | 10.0

Action                   |  1- 3 |  4- 6 |  7- 9 | 10-12 | 13-15 | 16-18 || total
-------------------------+-------+-------+-------+-------+-------+-------++-------
Melee: Whip              |    17 |    63 |    77 |   350 |   279 |       ||   786
       War axe           |       |       |       |       |   276 |   191 ||   467
Throw: Stone             |       |     3 |     1 |     5 |       |       ||     9
       Dart              |       |       |       |    67 |    15 |    11 ||    93
 Cast: Foxfire           |    60 |    77 |   152 |   333 |   144 |    61 ||   827
       Conjure Flame     |       |       |     5 |    80 |    79 |    15 ||   179
       Sticky Flame      |       |       |       |    29 |   105 |    28 ||   162
       Fireball          |       |       |       |     1 |     6 |    13 ||    20
       Inner Flame       |       |       |       |     1 |       |       ||     1
       Cause Fear        |       |       |       |       |     3 |     1 ||     4
Invok: Convert to Beogh  |       |       |       |     1 |       |       ||     1
       Smiting           |       |       |       |     1 |     4 |     5 ||    10
       Recall Orcish Fol |       |       |       |       |     5 |       ||     5
       Stop Recall       |       |       |       |       |     1 |       ||     1
       Give Item to Name |       |       |       |       |       |     1 ||     1
Evoke: Wand              |       |       |       |    18 |     5 |     4 ||    27
  Use: Scroll            |       |       |     3 |    12 |    12 |     5 ||    32
       Potion            |       |       |       |     2 |    16 |     6 ||    24
 Stab: Sleeping          |       |     2 |       |     1 |     2 |     2 ||     7
       Distracted        |       |       |     1 |     1 |     1 |     2 ||     5
Armor: Robe              |     3 |    16 |       |       |       |       ||    19
       Steam dragon scal |       |       |    20 |    73 |   183 |    24 ||   300
       Ring mail         |       |       |       |       |       |    21 ||    21
Dodge: Dodged            |    17 |    28 |    61 |   245 |   463 |   105 ||   919
Block: Buckler           |       |       |       |       |       |    92 ||    92
       Reflection        |       |       |       |       |       |    13 ||    13
